 Dungeon Crawl Stone Soup version 0.24-a0-275-g6f7e2cb4ba (webtiles) character file.

Game seed: 14964009651066361725

216 runewalsh the Magician (level 5, 0/33 HPs)
             Began as an Octopode Wizard on Apr 28, 2019.
             Slain by a goblin
             ... wielding a +0 dagger
             ... led by Robin
              (1 damage)
             ... on level 4 of the Dungeon.
             The game lasted 00:07:31 (2716 turns).

runewalsh the Magician (Octopode Wizard)            Turns: 2716, Time: 00:07:32

Health: 0/33       AC:  1    Str:  6    XL:     5   Next: 93%
Magic:  9/11       EV: 18    Int: 22    God:
Gold:   90         SH:  0    Dex: 15    Spells: 3/12 levels left

rFire    . . .     SeeInvis .   w - +0 dagger
rCold    . . .     Gourm    .   (no shield)
rNeg     . . .     Faith    .   l - +0 hat
rPois    .         Spirit   .   (no amulet)
rElec    .         Reflect  .   (no ring)
rCorr    .         Harm     .   (no ring)
MR       .....                  (no ring)
Stlth    ++++......             (no ring)
HPRegen  0.11/turn              (no ring)
MPRegen  0.12/turn              (no ring)
                                (no ring)
                                (no ring)

@: agile, very slightly contaminated
A: almost no armour, stealthy swim, amphibious, 8 rings, constrict 8, camouflage
1, gelatinous body 1
a: no special abilities


You were on level 4 of the Dungeon.
You were hungry.

You visited 1 branch of the dungeon, and saw 4 of its levels.

You collected 90 gold pieces.

Inventory:

Hand Weapons
 j - a cursed -2 short sword
 o - a +0 blowgun
 r - a +1 mace of protection
 w - a +0 dagger (weapon)
Missiles
 p - 3 curare-tipped needles
Armour
 l - a +0 hat (worn)
Wands
 f - a wand of scattershot (7)
Scrolls
 a - 3 scrolls of identify
 e - 2 scrolls of teleportation {unknown}
 h - 2 scrolls of blinking {unknown}
 i - 2 scrolls of amnesia {unknown}
 k - 2 scrolls of remove curse
 m - a scroll of immolation
 n - 2 scrolls of magic mapping {unknown}
 q - a scroll of enchant weapon {unknown}
Potions
 d - a potion of magic
 g - a potion of agility
Comestibles
 b - a chunk of flesh
 c - 4 rations


   Skills:
 - Level 1.0(0.5) Fighting
 - Level 2.0(1.0) Dodging
 - Level 4.0(2.0) Stealth
 + Level 4.1(2.0) Spellcasting
 + Level 3.2(1.6) Conjurations
   Level 1.0(0.5) Summonings
 - Level 1.0(0.5) Translocations
 - Level 1.0(0.5) Fire Magic
 - Level 1.0(0.5) Air Magic
 - Level 1.0(0.5) Poison Magic


You had 3 spell levels left.
You knew the following spells:

 Your Spells              Type           Power        Failure   Level  Hunger
a - Magic Dart            Conj           #...         7%          1    #......
c - Blink                 Tloc           N/A          17%         2    ##.....
d - Mephitic Cloud        Conj/Pois/Air  #.......     28%         3    ###....
f - Conjure Flame         Conj/Fire      #.......     26%         3    ###....

Your spell library contained the following spells:

 Spells                   Type           Power        Failure   Level  Hunger
 Call Imp                 Summ           #.......     17%         2    ##.....
 Slow                     Hex            #.......     21%         2    ##.....


Dungeon Overview and Level Annotations

Branches:
Dungeon (4/15)
 Temple: D:4-7

Altars:
Ashenzari

Annotations:
D:2 exclusion: ice beast, Purgy
D:3 Grinder, Robin, Terence


Innate Abilities, Weirdness & Mutations

You cannot wear most types of armour.
You are very stealthy in the water. (Stealth+)
You are amphibious.
You can wear up to eight rings at the same time.
You can use your tentacles to constrict eight enemies at once.
Your skin changes colour to match your surroundings (Stealth+).
Your rubbery body absorbs attacks. (AC +1, EV +1)


Message History

You hit the goblin but do no damage. Your grab misses the goblin.
The goblin hits you with a +0 dagger. The hobgoblin hits you.
* * * LOW HITPOINT WARNING * * *
The goblin hits you.
* * * LOW HITPOINT WARNING * * *
It was a potion of magic.
Magic courses through your body. The goblin closely misses you.
The hobgoblin barely misses you. The goblin hits you.
* * * LOW HITPOINT WARNING * * *
It was a potion of agility.
You feel agile all of a sudden. The goblin hits you but does no damage.
The hobgoblin closely misses you. The goblin hits you.
* * * LOW HITPOINT WARNING * * *
Casting: Magic Dart (safe; 7% risk of failure)
Confirm with . or Enter, or press ? or * to list all spells.
You miscast Blink.
You are very lightly contaminated with residual magic.
You feel uncomfortable. The goblin hits you with a +0 dagger.
You die...

#.## ##.#####
########..####......#
............ '......#
#...#####.####......#
.....)....g.....<...#
....#####.####......#
....# #..####g##+##
#...# ##)#..)g##
##### #.#...g@#
#.....g.# ##......#
######......#
#.....(.....#
#........#..#
#....(...#..#
#######.....# ##....#


You could see 2 hobgoblins and 2 goblins.

Vanquished Creatures
  An orc wizard (D:3)
  3 gnolls (D:3)
  3 adders (D:3)
  An ooze (D:2)
  4 dart slugs
  5 leopard geckos
  15 orcs (D:3)
  2 ball pythons (D:3)
  2 giant cockroaches (D:1)
  9 goblins
  13 hobgoblins
  9 jackals
  8 bats
  4 frilled lizards (D:3)
  9 kobolds
  5 rats
93 creatures vanquished.

Notes
Turn   | Place    | Note
-------+----------+-------------------------------------------
     0 | D:1      | runewalsh the Octopode Wizard began the quest for the Orb.
     0 | D:1      | Reached XP level 1. HP: 11/11 MP: 4/4
    79 | D:1      | Reached XP level 2. HP: 3/17 MP: 3/6
   341 | D:1      | Reached XP level 3. HP: 9/21 MP: 2/8
   345 | D:1      | Learned a level 2 spell: Blink
   349 | D:1      | Learned a level 3 spell: Conjure Flame
   353 | D:1      | Learned a level 3 spell: Mephitic Cloud
   798 | D:2      | Noticed an ice beast
   911 | D:2      | Reached XP level 4. HP: 11/27 MP: 2/9
  1229 | D:3      | Noticed Purgy
  1297 | D:3      | Noticed Terence
  1422 | D:3      | Reached skill level 1 in Poison Magic
  1573 | D:3      | Reached skill level 1 in Fighting
  1578 | D:3      | Reached skill level 1 in Air Magic
  1590 | D:3      | Reached XP level 5. HP: 22/33 MP: 3/10
  1597 | D:3      | Reached skill level 1 in Fire Magic
  1681 | D:3      | Noticed Grinder
  1740 | D:3      | Found a faded altar of an unknown god.
  1748 | D:3      | Became a worshipper of Ashenzari the Shackled
  1748 | D:3      | Reached * piety under Ashenzari
  1749 | D:3      | Fell from the grace of Ashenzari
  2594 | D:4      | Noticed Robin
  2714 | D:4      | HP: 1/33 [goblin[Robin] (3)]
  2716 | D:4      | Slain by a goblin

Levels and vault maps discovered:
D:1:      ncdulo_wetmaze, layout_loops_ring, corexii_leaking_fountain,
          minmay_pentomino_v2
D:2:      layout_rooms
D:3:      layout_loops_ring, chequers_ecumenical_altar_simple_redux,
          wad_orctagon, uniq_grinder, uniq_purgy, uniq_terence
D:4:      layout_basic, portal_sewer_entry_f, first_ration, uniq_eustachio,
          uniq_robin

Skill      XL: |  1  2  3  4  5 |
---------------+----------------+-----
Conjurations   | 2 3 |  3.2
Stealth        | 3 4 |  4.0
Poison Magic   | 1 |  1.0
Fighting       | 1 |  1.0
Air Magic      | 1 |  1.0
Fire Magic     | 1 |  1.0
Spellcasting   | 4 |  4.1
Dodging        | |  2.0
Summonings     | |  1.0
Translocations | |  1.0

Action                   |  1- 3 |  4- 6 || total
-------------------------+-------+-------++-------
Melee: Unarmed           |    36 |       ||    36
       Constrict         |    16 |    20 ||    36
       Tentacles         |     6 |    10 ||    16
       Dagger            |    16 |    88 ||   104
 Cast: Magic Dart        |    64 |   110 ||   174
       Mephitic Cloud    |       |     3 ||     3
       Conjure Flame     |       |     1 ||     1
Invok: Renounce Religion |       |     1 ||     1
  Use: Potion            |       |     3 ||     3
       Scroll            |       |     1 ||     1
 Stab: Sleeping          |     2 |       ||     2
       Confused          |       |     1 ||     1
  Eat: Chunk             |       |     6 ||     6
Armor: Skin              |     5 |    37 ||    42
Dodge: Dodged            |    32 |    69 ||   101

Table legend:
 A = Non-vault XP
 B = Vault XP
 C = Vault XP percentage of total XP
 D = Non-vault monster count
 E = Vault monster count
 F = Vault count percentage of total count
                 A         B        C        D         E       F
            +---------+---------+-------+---------+---------+-------
      Total |     279 |      30 |   9.7 |      80 |      13 |  14.0
            +---------+---------+-------+---------+---------+-------
        D:1 |      54 |       4 |   6.9 |      30 |       2 |   6.2
        D:2 |      29 |       0 |   0.0 |      11 |       0 |   0.0
        D:3 |     192 |      14 |   6.8 |      38 |       5 |  11.6
        D:4 |       4 |      12 |  75.0 |       1 |       6 |  85.7
            +---------+---------+-------+---------+---------+-------
